 Dungeon Sprint DCSS version 0.30-a0-881-g1ff12e1e11 (webtiles) character file.

Game seed: 12568980321788131950

1316 rocky1 the Zephyrmancer (level 8, -2/73 HPs)
             Began as a Red Draconian Air Elementalist on Mar 14, 2023.
             Was a Believer of Sif Muna.
             Slain by a death knight
             ... wielding a +0 battleaxe
              (13 damage)
             ... in the Dungeon (Sprint IX: "|||||||||||||||||||||||||||||").
             The game lasted 00:04:07 (700 turns).

rocky1 the Zephyrmancer (DrAE)                       Turns: 700, Time: 00:04:08

Health: -2/73      AC:  8    Str: 13    XL:     8   Next: 33%
Magic:  10/18      EV: 14    Int: 18    God:    Sif Muna [**....]
Gold:   0          SH:  0    Dex: 12    Spells: 15/21 levels left

rFire   + . .      SeeInvis .    j - +4 quarterstaff (speed)
rCold   . . .      Faith    .    (shield currently unavailable)
rNeg    . . .      Spirit   .    (body armour unavailable)
rPois   .          Reflect  .    (helmet restricted)
rElec   .          Rampage  .    (no cloak)
rCorr   .          NoTele   +    (no gloves)
Will    .....                    (no boots)
Stlth   ++                       (no amulet)
HPRegen 0.32/turn                m - +3 ring of strength
MPRegen 0.16/turn                n - +2 ring of protection

@: short of breath, invisible
A: breathe fire, AC +6, unfitting armour, fire resistance 1, cold-blooded
a: Breathe Fire, Renounce Religion, Channel Magic


You were in the Dungeon.
You worshipped Sif Muna.
Sif Muna was pleased with you.
You visited 1 branch

Inventory:

Hand Weapons
 j - a +4 quarterstaff of speed (weapon)
Armour
 k - a +0 pair of gloves
 l - a +0 pair of boots
Jewellery
 m - a +3 ring of strength (left hand)
 n - a +2 ring of protection (right hand)
Wands
 i - a wand of iceblast (10)
Scrolls
 h - 2 scrolls of amnesia
Potions
 a - 4 potions of magic
 d - a potion of haste
 g - 3 potions of curing


   Skills:
 + Level 7.0 Fighting
 + Level 6.4 Staves
 + Level 6.9 Dodging
 - Level 1.9 Stealth
 + Level 7.1 Spellcasting
 + Level 7.3 Conjurations
 * Level 10.5 Air Magic


You had 15 spell levels left.
You knew the following spells:

 Your Spells              Type           Power      Damage    Failure   Level
a - Shock                 Conj/Air       100%       1d9       1%          1
b - Static Discharge      Conj/Air       76%        2-6/arc   1%          2
c - Swiftness             Air            44%        N/A       1%          3

Your spell library contained the following spells:

 Spells                   Type           Power      Damage    Failure   Level
 Airstrike                Air            22%        2d(4-20)  1%          4


Dungeon Overview and Level Annotations

Branches:
Dungeon (1/1)

Altars:
Cheibriados
Dithmenos
Elyvilon
Fedhas
Gozag
Hepliaklqana
Kikubaaqudgha
Makhleb
Nemelex Xobeh
Okawaru
Qazlal
Ru
Sif Muna
Trog
Uskayaw
Vehumet
Wu Jian
Xom
Yredelemnul
Zin
The Shining One
Jiyva
Lugonu


Innate Abilities, Weirdness & Mutations

You can breathe blasts of fire.
Your fiery red scales are hard. (AC +6)
You cannot fit into any form of body armour.
Your flesh is heat resistant. (rF+)
You are cold-blooded and may be slowed by cold attacks.


Message History

Unknown command.
You completely miss the death knight.
The death knight is moderately wounded.
You hit the death knight.
Your tail-slap misses the death knight.
The death knight is heavily wounded.
The death knight closely misses you.
Okay, then.
Okay, then.
You hit the death knight.
The death knight is heavily wounded.
The death knight barely misses you.
You hit the death knight.
The death knight is heavily wounded.
You hit the death knight but do no damage.
The death knight is heavily wounded.
The death knight barely misses you.
You catch the helpless death knight completely off-guard!
You hit the death knight.
The death knight is severely wounded.
You barely miss the death knight.
The death knight is severely wounded.
The death knight shouts!
You barely miss the death knight.
The death knight is severely wounded.
The death knight shouts!
The death knight calls down the wrath of Yredelemnul upon you.
Your body is wracked with pain!
* * * LOW HITPOINT WARNING * * *
You strike the helpless death knight from behind!
You hit the death knight but do no damage.
The death knight is severely wounded.
The death knight closely misses you.
You closely miss the death knight.
Your tail-slap misses the death knight.
The death knight is heavily wounded.
You closely miss the death knight.
Your tail-slap misses the death knight.
The death knight is heavily wounded.
The death knight misses you.
You feel better.
The death knight hits you with a +0 battleaxe!
You die... ▓▓▓▓▓▓▓▓▓▓▓▓▓▓▓▓▓▓▓▓▓▓▓▓▓▓▓▓▓▓ ______'..)...[.[@pOOc..'.O{Oc. ▓▓▓▓▓▓▓▓▓▓▓▓▓▓▓▓▓▓▓▓▓▓▓▓▓▓▓▓▓▓

You could see a death knight (unable to see you), a centaur warrior (unable to see you) and 2 two-headed ogres.

Vanquished Creatures
  A kobold demonologist (D)
  An unseen horror (D)
  2 shadows (D)
  A yak (D)
  A steam dragon (D)
  A vampire mosquito (D)
  A killer bee (D)
  An orc wizard (D)
  2 adders (D)
  2 orcs (D)
  2 bats (D)
  An endoplasm (D)
  A giant cockroach (D)
  A rat (D)
18 creatures vanquished.

Notes
Turn   | Place    | Note
-------+----------+-------------------------------------------
     0 | D        | rocky1 the Draconian Air Elementalist began the quest for
                  | the Orb.
     0 | D        | Reached XP level 1. HP: 14/14 MP: 3/3
   147 | D        | Noticed an orc wizard
   151 | D        | Reached skill level 4 in Air Magic
   151 | D        | Reached XP level 2. HP: 17/20 MP: 0/5
   155 | D        | Reached XP level 3. HP: 12/26 MP: 3/7
   222 | D        | Found a snail-covered altar of Cheibriados.
   222 | D        | Found a shadowy altar of Dithmenos.
   222 | D        | Found a white marble altar of Elyvilon.
   222 | D        | Found a blossoming altar of Fedhas.
   222 | D        | Found an opulent altar of Gozag.
   223 | D        | Found a hazy altar of Hepliaklqana.
   224 | D        | Found a viscous altar of Jiyva.
   225 | D        | Found an ancient bone altar of Kikubaaqudgha.
   226 | D        | Found a corrupted altar of Lugonu.
   227 | D        | Found a burning altar of Makhleb.
   228 | D        | Found a sparkling altar of Nemelex Xobeh.
   229 | D        | Found an iron altar of Okawaru.
   230 | D        | Found a stormy altar of Qazlal.
   231 | D        | Found a sacrificial altar of Ru.
   232 | D        | Found a shimmering blue altar of Sif Muna.
   233 | D        | Found a bloodstained altar of Trog.
   234 | D        | Found a hide-covered altar of Uskayaw.
   235 | D        | Found a radiant altar of Vehumet.
   236 | D        | Found an ornate altar of the Wu Jian Council.
   237 | D        | Found a shimmering altar of Xom.
   238 | D        | Found a basalt altar of Yredelemnul.
   239 | D        | Found a glowing silver altar of Zin.
   240 | D        | Became a worshipper of Sif Muna the Loreminder
   241 | D        | Found a glowing golden altar of the Shining One.
   276 | D        | Learned a level 2 spell: Static Discharge
   280 | D        | Learned a level 3 spell: Swiftness
   280 | D        | Noticed a kobold demonologist
   280 | D        | Noticed a steam dragon
   280 | D        | Noticed a yak
   280 | D        | Noticed a shadow
   280 | D        | Noticed a killer bee
   292 | D        | Killed a kobold demonologist
   293 | D        | Reached skill level 5 in Dodging
   293 | D        | Reached skill level 5 in Spellcasting
   293 | D        | Reached skill level 5 in Conjurations
   293 | D        | Reached skill level 7 in Air Magic
   293 | D        | Reached XP level 4. HP: 41/41 MP: 7/11
   293 | D        | Reached XP level 5. HP: 47/47 MP: 7/12
   293 | D        | Reached XP level 6. HP: 53/53 MP: 7/13
   296 | D        | Killed a steam dragon
   297 | D        | Reached skill level 5 in Fighting
   297 | D        | Reached skill level 8 in Air Magic
   300 | D        | Killed a yak
   300 | D        | Reached * piety under Sif Muna
   301 | D        | Reached skill level 9 in Air Magic
   301 | D        | Your scales start taking on a fiery red colour.
   301 | D        | Reached XP level 7. HP: 61/61 MP: 8/16
   301 | D        | Gained mutation: Your flesh is heat resistant. (rF+) [Red
                  | Draconian growth]
   539 | D        | Reached skill level 5 in Staves
   540 | D        | Killed an unseen horror
   546 | D        | Killed a shadow
   546 | D        | Reached ** piety under Sif Muna
   547 | D        | Reached skill level 10 in Air Magic
   547 | D        | Reached XP level 8. HP: 37/71 MP: 10/18
   662 | D        | Noticed a death knight
   662 | D        | Noticed a two-headed ogre
   662 | D        | Noticed a two-headed ogre
   662 | D        | Noticed a centaur warrior
   688 | D        | HP: 3/73 [death knight/+0 battleaxe (19)]
   696 | D        | HP: 3/73 [??? (1)]
   700 | D        | Slain by a death knight

Illustrated notes

Levels and vault maps discovered:
D:        linesprint [early_d, line_temple, items_1, d_10, items_2, lair_1,
          lair_end, items_3, orc_1, orc_end, items_4, d_15, swamp_1, shoals_1,
          snake_1, spider_1, d_20, vaults_1, items_5, swamp_end, shoals_end,
          snake_end, spider_end, vaults_end, d_27, items_6, zot_1, zot_end,
          crypt_end, forest_end, elf_end, slime_end, tomb_end, abyss_end,
          pan_hell_end]

Skill      XL: |  1  2  3  4  5  6  7  8 |
---------------+-------------------------+-----
Dodging        | 2 3 5 6 |  6.9
Air Magic      | 4 7 9 10 | 10.5
Spellcasting   | 3 5 6 7 |  7.1
Conjurations   | 2 5 6 7 |  7.3
Fighting       | 4 5 6 7 |  7.0
Staves         | 3 4 5 6 |  6.4
Stealth        | |  1.9

Action                     |  1- 3 |  4- 6 |  7- 9 || total
---------------------------+-------+-------+-------++-------
  Melee: Unarmed           |    10 |       |       ||    10
         Tailslap          |     3 |     2 |     4 ||     9
         Quarterstaff      |     9 |     6 |    34 ||    49
   Cast: Shock             |    11 |       |    20 ||    31
Ability: Breathe Fire      |       |       |     2 ||     2
    Use: Potion            |     3 |       |     5 ||     8
         Scroll            |       |       |     2 ||     2
   Stab: Invisible         |       |       |     3 ||     3
 Armour: Skin              |    10 |     2 |     9 ||    21
  Dodge: Dodged            |    12 |     3 |    23 ||    38

Table legend: (Time is in decaauts)
 A = Elapsed time spent in this place.
 B = Non-inter-level travel time spent in this place.
 C = Inter-level travel time spent in this place.
 D = Time resting spent in this place.
 E = Time spent auto-exploring this place.
 F = Levels seen in this place.
 G = Mean time per level.
                   A        B        C        D        E       F      G
               +--------+--------+--------+--------+--------+-----+--------+
         Total |    691 |    691 |      0 |    520 |      0 |   1 |  691.0 |
       Dungeon |    691 |    691 |      0 |    520 |      0 |   1 |  691.0 |
               +--------+--------+--------+--------+--------+-----+--------+

Top non-repeatable levels by time:
       D: 691 daAuts
